 Dungeon Crawl Stone Soup version 0.19-a0-157-gbc558dc (webtiles) character file.

538 Kidiri the Skirmisher (level 7, -3/60 HPs)
             Began as a Demonspawn Chaos Knight on May 20, 2016.
             Killed by divine providence
             ... invoked by an orc priest
              (10 damage)
             ... on level 5 of the Dungeon.
             The game lasted 00:09:58 (4160 turns).

Kidiri the Skirmisher (Demonspawn Chaos Knight)     Turns: 4160, Time: 00:09:59

Health: -3/60      AC: 11    Str: 14    XL:     7   Next: 5%
Magic:  7/7        EV: 10    Int: 13    God:    Xom [....*.]
Gold:   35         SH:  0    Dex: 18    Spells: 0 memorised, 6 levels left

rFire  . . .     SeeInvis .     a - +1 falchion (chaos)
rCold  . . .     Gourm    .     g - +0 plate armour
rNeg   . . .     Faith    .     (no shield)
rPois  .         Spirit   .     (helmet restricted)
rElec  .         Dismiss  .     (no cloak)
rCorr  .         Reflect  .     (no gloves)
SustAt .         Harm     .     (no boots)
MR     +....                    (no amulet)
Stlth  ..........               (no ring)
                                b - ring of flight

@: agile, about to teleport, somewhat resistant to hostile enchantments,
extremely unstealthy
A: horns 1, high mp 1, magic resistance 1, powered by pain 2, robust 1,
evolution 1
a: Renounce Religion, Evoke Flight


You were on level 5 of the Dungeon.
You worshipped Xom.
You were a beloved toy of Xom.
You were not hungry.

You visited 1 branch of the dungeon, and saw 5 of its levels.
You also visited: Sewer.

You collected 180 gold pieces.
You spent 145 gold pieces at shops.

Inventory:

Hand Weapons
 a - a +1 falchion of chaos (weapon)
Missiles
 m - 2 throwing nets (quivered)
Armour
 g - a +0 plate armour (worn)
 p - a troll hide {Purgy}
Jewellery
 b - a ring of flight (left hand)
Scrolls
 d - a scroll of magic mapping
 e - a scroll of teleportation
 h - a scroll of remove curse
Potions
 j - 3 potions of flight
 l - a potion of agility
Comestibles
 c - 5 bread rations
 f - 3 beef jerkies
 i - 5 fruits
 k - 2 meat rations
 n - a slice of pizza
 o - 8 chunks of flesh


   Skills:
 * Level 4.6 Fighting
 * Level 4.1 Long Blades
 + Level 1.4 Throwing
 * Level 3.6 Armour
 * Level 3.3 Dodging


You had 6 spell levels left.
You didn't know any spells.

Dungeon Overview and Level Annotations

Branches:
Dungeon (5/15)
 Temple: D:4-7

Altars:
Cheibriados
Dithmenos
Kikubaaqudgha
Makhleb
Pakellas
Vehumet
Xom
Yredelemnul
The Shining One

Shops:
D:4 *


Innate Abilities, Weirdness & Mutations

You have a pair of small horns on your head.
You sometimes gain power by taking damage.
You have an increased reservoir of magic (+10% MP).
You are resistant to hostile enchantments.
You are robust (+10% HP).
You evolve.


Message History

As you read the scroll of teleportation, it crumbles to dust.
You feel strangely unstable.
The orc priest shouts!
Unknown command.
You hit the orc priest.
You feel better.
The orc priest is heavily wounded.
The giant cockroach waves its antennae.
The orc priest mumbles some strange prayers to Beogh against you.
Beogh smites you!
* * * LOW HITPOINT WARNING * * *
Unknown command.
Drink which item? (? for menu, Esc to quit)
Okay, then.
Unknown command.
You hit the orc priest.
The orc priest is poisoned.
The orc priest is severely wounded.
The orc priest calls down the wrath of Beogh upon you.
Beogh smites you!
You die...
Xom roars with laughter!

#.#.# ##.#. # #.
#... #o #. # #..#
#.##. #######.# #..#
#.... #.o.....# ####
###... #....# .....
#....#
#oo######o...#
#..oo@.o.o...+
#.....s#####....####
#.###..# #.ยง>.....o
. #.........<.####
.. #.#####.#...# ##
#. .. ...# ## ###
#.#.. .#... .# <..


You could see 3 orc priests, 2 orc wizards, 2 orcs and a giant cockroach.

Vanquished Creatures
  Purgy (Sewer)
  A centaur skeleton (D:4)
  An orc priest (D:3)
  An orc wizard (D:5)
  An iguana (D:4)
  4 worker ants (D:4)
  A river rat (D:3)
  6 adders
  3 gnolls (D:4)
  A white imp (D:4)
  An ooze (D:2)
  3 worms
  3 dart slugs
  5 giant geckos
  8 orcs
  4 ball pythons (D:3)
  8 bats
  6 giant cockroaches
  12 hobgoblins
  4 jackals (D:2)
  9 kobolds
  A quokka (D:2)
  5 giant newts
  10 goblins
  A goblin skeleton (D:4)
  2 hobgoblin zombies (D:4)
  2 kobold skeletons (D:4)
  A kobold zombie (D:4)
  2 orc skeletons (D:4)
  An orc zombie (D:4)
  16 rats
124 creatures vanquished.

Notes
Turn   | Place    | Note
--------------------------------------------------------------
     0 | D:1      | Kidiri the Demonspawn Chaos Knight began the quest for the Orb.
     0 | D:1      | Reached XP level 1. HP: 18/18 MP: 1/1
    12 | D:1      | Reached skill level 1 in Dodging
    98 | D:1      | XOM: divination: detect items
   124 | D:1      | Gained mutation: You sometimes gain a little power by taking damage. [demonic ancestry]
   124 | D:1      | Reached XP level 2. HP: 6/24 MP: 2/2
   301 | D:1      | XOM: mild Trmt miscast
   301 | D:1      | XOM: smoke on damage
   377 | D:1      | XOM: silly message
   453 | D:1      | XOM: scenery: 1 doors open
   782 | D:1      | Gained mutation: You have a pair of small horns on your head. [demonic ancestry]
   782 | D:1      | Reached XP level 3. HP: 28/29 MP: 3/3
   833 | D:1      | XOM: harmless Ice miscast
  1245 | D:2      | XOM: god gift: 2 golden potions {god gift}
  1293 | D:2      | Reached XP level 4. HP: 23/36 MP: 4/4
  1453 | D:2      | XOM: blink monster(s)
  1551 | D:2      | Found a shadowy altar of Dithmenos.
  1555 | D:2      | XOM: scenery: create altars
  1570 | D:2      | XOM: vitrification
  1840 | D:3      | Found a glowing drain.
  1841 | D:3      | Reached XP level 5. HP: 28/42 MP: 5/5
  1869 | Sewer    | Entered a sewer
  1963 | Sewer    | Noticed Purgy
  1966 | Sewer    | XOM: smoke on damage
  1972 | Sewer    | Killed Purgy
  1972 | Sewer    | Reached skill level 1 in Throwing
  2202 | D:3      | Reached XP level 6. HP: 46/48 MP: 6/6
  2423 | D:3      | Found an oddly glowing altar of Pakellas.
  2692 | D:2      | Found a burning altar of Makhleb.
  2786 | D:4      | Found an ancient bone altar of Kikubaaqudgha.
  3048 | D:4      | XOM: polymorph giant newt -> hobgoblin
  3153 | D:4      | Found Niunlehe's Assorted Antiques.
  3156 | D:4      | Bought an onyx ring for 145 gold pieces
  3462 | D:4      | Found a glowing golden altar of the Shining One.
  3764 | D:4      | Found a glowing golden altar of the Shining One.
  3767 | D:4      | Found a snail-covered altar of Cheibriados.
  3770 | D:4      | Found a basalt altar of Yredelemnul.
  3784 | D:4      | Found a radiant altar of Vehumet.
  4069 | D:4      | XOM: give mutations
  4069 | D:4      | Gained mutation: You evolve. [Xom's grace]
  4069 | D:4      | Gained mutation: You have an increased reservoir of magic (+10% MP). [Xom's grace]
  4069 | D:4      | Gained mutation: You are robust (+10% HP). [Xom's grace]
  4069 | D:4      | Gained mutation: You are resistant to hostile enchantments. [Xom's grace]
  4071 | D:5      | XOM: noise
  4071 | D:5      | Entered Level 5 of the Dungeon
  4152 | D:5      | XOM: 6-stop teleportation journey
  4156 | D:5      | Gained mutation: You sometimes gain power by taking damage. [demonic ancestry]
  4156 | D:5      | Reached XP level 7. HP: 17/60 MP: 7/7
  4160 | D:5      | Killed from afar by an orc priest

Vault maps used:
D:1:      minmay_arrival_jagged
D:2:      lemuel_upstairs_altar, lemuel_round_altar
D:3:      old_standard_altar, portal_sewer_entry_b
D:4:      kiku_gazebo_garden_becter, grunt_temple_overflow_cloverleaf,
          serial_shops, kennysheep_mini, first_bread,
          nicolae_tso_besieged_by_evil
Sewer:    kennysheep_door_sewer

Skill      XL: |  1  2  3  4  5  6 |
---------------+-------------------+-----
Dodging        | 1 2 3 |  3.3
Armour         | 2 3 |  3.6
Long Blades    | 3 4 |  4.1
Fighting       | 4 |  4.6
Throwing       | 1 |  1.4

Action                   |  1- 3 |  4- 6 |  7- 9 || total
-------------------------+-------+-------+-------++-------
Melee: Falchion          |   134 |   302 |     2 ||   438
       Headbutt          |     6 |    36 |       ||    42
  Use: Scroll            |     3 |     8 |     1 ||    12
       Potion            |     2 |     5 |       ||     7
 Stab: Invisible         |       |     1 |       ||     1
       Confused          |       |     2 |       ||     2
       Sleeping          |       |     1 |       ||     1
  Eat: Chunk             |     1 |    10 |       ||    11
Armor: Leather armour    |    17 |       |       ||    17
       Plate armour      |   100 |   269 |       ||   369
Dodge: Dodged            |    26 |    49 |       ||    75
